Unix NetHack Version 3.7.0-65 Work-in-progress - last build Oct 3 2022 04:20:45 (938f679fcd32a3c70215a73001258fd12811ee3d,branch:master). Game began 2022-10-04 11:02:23, ended 2022-10-04 11:48:37. y4k4r1, chaotic female orcish Barbarian ----- ----...| --- --......-----.. .---..----........------ ....... -------........ -..|.. |-....... |.-- ---.[..[... |..| |...---.... --.| |...| .. |.| --.. . --.---- |<. |..G|.-- |.. |......| .....-- -..... |..... - - Y4k4r1 the Bandit St:16 Dx:17 Co:18 In:9 Wi:10 Ch:7 Chaotic S:3013 Dlvl:7 $:243 HP:0(63) Pw:9(9) AC:1 Xp:6/610 T:4554 Latest messages: The black unicorn graciously accepts your gift. The black unicorn vanishes! You kill the gnome! Pick an object. The wolf misses! You miss the wolf. The wolf bites! You smite the wolf. The wolf bites! You smite the wolf! The wolf misses! You kill the wolf! You see here a leash. T - a leash. The killer bee misses! The killer bee stings! You kill the killer bee! You see here a food ration. There is a food ration here; eat it? [ynq] (n) This food really hits the spot! You stop eating the food ration. You smite the wolf! The wolf bites! You miss the wolf. The wolf misses! You smite the wolf! The wolf misses! You kill the wolf! There is a partly eaten food ration here; eat it? [ynq] (n) You resume your meal. You finish eating the food ration. You see here a wolf corpse. There is a wolf corpse here; eat it? [ynq] (n) Blecch! Rotten food! Everything suddenly goes dark. You finish eating the wolf corpse. Wait! There's something there you can't see! You smite it. You are suddenly very cold! You can see again. You smite the blue jelly. You are suddenly very cold! The gnome lady wields a dwarvish short sword! The gnome lady thrusts her dwarvish short sword. The gnome lady hits! You smite the gnome lady! The gnome lady thrusts her dwarvish short sword. The gnome lady hits! You die... Do you want your possessions identified? [ynq] (y) Inventory: Coins $ - 243 gold pieces Weapons v - a +0 orcish dagger b - a +0 axe a - a rusty +1 two-handed sword (weapon in hands) Armor r - an uncursed +1 orcish helm (being worn) i - an uncursed +0 cloak of invisibility (being worn) O - an uncursed +0 dwarvish mithril-coat (being worn) Comestibles C - 3 uncursed cream pies d - an uncursed food ration h - 3 uncursed food rations E - an uncursed partly eaten lichen corpse P - an uncursed partly eaten lizard corpse Scrolls s - an uncursed scroll of amnesia L - an uncursed scroll of enchant armor m - an uncursed scroll of enchant weapon g - a cursed scroll of food detection Spellbooks J - an uncursed spellbook of detect monsters Potions o - 2 uncursed potions of extra healing n - a blessed potion of gain ability I - an uncursed potion of gain ability F - an uncursed potion of healing A - an uncursed potion of object detection M - an uncursed potion of see invisible S - an uncursed potion of sickness z - an uncursed potion of water Rings R - a cursed ring of protection from shape changers Wands f - a wand of magic missile (0:0) Tools T - an uncursed leash N - an uncursed oil lamp Gems/Stones k - an uncursed worthless piece of yellow glass H - an uncursed worthless piece of yellowish brown glass Y4k4r1 the Barbarian's attributes: Background: You were a Bandit, a level 6 female orcish Barbarian. You were chaotic, nominally on a mission for Set who was opposed by Mitra (lawful) and Crom (neutral). You were in the Gnomish Mines, on level 7. You entered the dungeon 4554 turns ago. You had 610 experience points, 30 more were needed to attain level 7. Your score was 3013 before end-of-game adjustments. Basics: You had 0 out of 63 hit points. You had all 9 energy points (spell power). Your armor class was 1. Your wallet contained 243 zorkmids. Autopickup was on for '$?!/="+' plus thrown, with exceptions. Final Characteristics: Your strength was 16 (peak:17, limit:18/50). Your dexterity was 17 (limit:18). Your constitution was 18 (limit:18). Your intelligence was 9 (limit:16). Your wisdom was 10 (limit:16). Your charisma was 7 (limit:16). Final Status: You were not hungry. You were unencumbered. You were wielding a two-handed sword. You were skilled in two-handed sword. Final Attributes: You were piously aligned. You were poison resistant. You had infravision. You were invisible. You were guarded. You are dead. Miscellaneous: You encountered 1 bones level. Total elapsed playing time was 46 minutes and 13 seconds. Major events: Turn 1: y4k4r1 the chaotic female orcish Barbarian entered the dungeon 1277: attained the rank of Pillager (level 3) 2240: entered the Gnomish Mines 3475: attained the rank of Bandit (level 6) 4554: killed by a gnome lady Vanquished creatures: 2 wolves a gnome ruler a lizard a dwarf leader a raven a snake a mountain nymph a yellow light a violet fungus 2 gnome leaders a ghoul 3 giant ants 7 dwarves 3 rothes an iguana a killer bee 2 gas spores a hobbit 8 manes 4 giant rats 2 yellow molds 19 gnomes 8 garter snakes 2 geckos a jackal 2 foxes a goblin 9 grid bugs 5 lichens 3 kobold zombies 11 newts 106 creatures vanquished. No species were genocided or became extinct. Voluntary challenges: You were an atheist. You read items or engraved 4 times. You never engraved Elbereth. You never genocided any monsters. You never polymorphed an object. You never changed form. You used no wishes. Achievements: You entered a shop. You attained the rank of Pillager. You entered the Gnomish Mines. You attained the rank of Bandit. The Dungeons of Doom: levels 1 to 4 Level 1: Many fountains. Level 2: A general store. Level 3: Level 4: Stairs down to The Gnomish Mines. The Gnomish Mines: levels 5 to 7 Level 5: Level 6: Level 7: <- You were here. Final resting place for you, killed by a gnome lady, y4k4r1-Bar-Orc-Fem-Cha, killed by a wolf, while reading a book. Game over: ---------- / \ / REST \ / IN \ / PEACE \ / \ | y4k4r1 | | 243 Au | | killed by a | | gnome lady | | | | | | 2022 | *| * * * | * _________)/\\_//(\/(/\)/\//\/|_)_______ Goodbye y4k4r1 the Barbarian... You died in The Gnomish Mines on dungeon level 7 with 2989 points, and 243 pieces of gold, after 4554 moves. You were level 6 with a maximum of 63 hit points when you died.